 Dungeon Crawl Stone Soup version 0.29.1-1-gd02db6906a (webtiles) character file.

Game seed: 1239527370717344738

1294 112233 the Sneak (level 8, -1/46 HPs)
             Began as an Octopode Enchanter on Oct 11, 2022.
             Slain by an ice beast (11 damage)
             ... on level 5 of the Dungeon.
             The game lasted 00:06:24 (5944 turns).

112233 the Sneak (Octopode Enchanter)               Turns: 5944, Time: 00:06:24

Health: -1/46      AC:  1    Str:  7    XL:     8   Next: 56%
Magic:  11/14      EV: 14    Int: 19    God:
Gold:   290        SH:  0    Dex: 13    Spells: 8/16 levels left

rFire   . . .      SeeInvis .   a - +1 dagger
rCold   . . .      Faith    .   (no shield)
rNeg    + . .      Spirit   .   (helmet restricted)
rPois   .          Reflect  .   (no amulet)
rElec   .          Harm     .   m - ring of positive energy
rCorr   .          Rampage  .   (no ring)
Will    .....                   (no ring)
Stlth   +++++.....              (no ring)
HPRegen 0.15/turn               (no ring)
MPRegen 0.14/turn               (no ring)
                                (no ring)
                                (no ring)

@: confusing by touch
A: almost no armour, amphibious, 8 rings, camouflage 1, gelatinous body 1,
(nimble swimmer 1), tentacles
a: no special abilities


You were on level 5 of the Dungeon.
You visited 1 branch of the dungeon, and saw 5 of its levels.

You collected 290 gold pieces.

Inventory:

Hand Weapons
 a - a +1 dagger (weapon)
 v - the +7 hammer "Kazim" {drain, *Corrode rN+ Str+4}
   (You found it on level 5 of the Dungeon)

   A truly terrible weapon, it drains the life of any living foe it strikes.
   Str:       It affects your strength (+4).
   rN:        It protects you from negative energy.
   *Corrode:  It may corrode you when you take damage.
Jewellery
 b - a ring of flight
 m - a ring of positive energy (left tentacle)
Wands
 o - a wand of quicksilver (17)
Scrolls
 c - 2 scrolls of butterflies {unknown}
 d - 4 scrolls of enchant armour {unknown}
 e - a scroll of fear {unknown}
 f - 2 scrolls of noise {unknown}
 g - 3 scrolls of brand weapon {unknown}
 i - a scroll of torment {unknown}
 k - a scroll of magic mapping {unknown}
 n - a scroll of silence {unknown}
 p - a scroll of immolation {unknown}
 r - a scroll of blinking {unknown}
 t - 2 scrolls of teleportation {unknown}
 u - 2 scrolls of identify {unknown}
Potions
 h - 3 potions of mutation {unknown}
 j - 2 potions of lignification {unknown}
 l - a potion of haste {unknown}
 q - 2 potions of flight {unknown}
 s - a potion of curing
 w - a potion of might {unknown}


   Skills:
 + Level 4.5 Short Blades
 + Level 4.8 Dodging
 + Level 7.6 Stealth
 + Level 4.5 Spellcasting
 + Level 5.3 Hexes


You had 8 spell levels left.
You knew the following spells:

 Your Spells              Type           Power      Damage    Failure   Level
a - Ensorcelled Hibernat  Hex/Ice        28%        N/A       7%          2
b - Confusing Touch       Hex            24%        N/A       4%          3
c - Tukima's Dance        Hex            24%        N/A       4%          3

Your spell library contained the following spells:

 Spells                   Type           Power      Damage    Failure   Level
 Foxfire                  Conj/Fire      16%        2x1d4     13%         1
 Sting                    Tmut/Pois      16%        1d3       13%         1
 Dazzling Flash           Conj/Hex       28%        N/A       13%         3
 Inner Flame              Hex/Fire       14%        N/A       13%         3
 Poisonous Vapours        Pois/Air       8%         N/A       21%         2
 Conjure Flame            Conj/Fire      4%         6-21      36%         3
 Flame Wave               Conj/Fire      4%         2d5       78%         4
 Olgreb's Toxic Radiance  Pois           4%         N/A       78%         4


Dungeon Overview and Level Annotations

Branches:
Dungeon (5/15)
 Temple: D:4-7

Altars:

Shops:
D:2 =([:(

Annotations:
D:4 2 transporters
D:5 1 runed translucent door, Crazy Yiuf


Innate Abilities, Weirdness & Mutations

You cannot wear most types of armour.
You are amphibious.
You can wear up to eight rings at the same time.
Your skin changes colour to match your surroundings (Stealth+).
Your rubbery body absorbs attacks. (AC +1, EV +1)
((You are camouflaged when in or above water. (Stealth+)))
You have tentacles for arms and can constrict up to eight enemies at once.


Message History

Press: ? - help, Shift-Dir - straight line, f - orc wizard
Aim: an orc wizard, wielding a +0 dagger and wearing a +0 robe (chance to affect: 48%)
The orc wizard looks drowsy...
The helpless orc wizard fails to defend itself.
You skewer the orc wizard like a kebab!!!
You kill the orc wizard!
A jackal comes into view.
An orc comes into view. It is wielding a +0 club.
An orc comes into view. It is wielding a +0 flail.
An ice beast comes into view.
The jackal attacks as you move away!
The jackal bites you but does no damage.
The jackal bites you. The jackal attacks as you move away!
The jackal bites you. x2
The jackal attacks as you move away! The jackal closely misses you.
The jackal closely misses you.
You barely miss the jackal. Your grab misses the jackal.
The jackal barely misses you.
You hit the jackal but do no damage. Your grab misses the jackal.
The jackal bites you.
You hit the jackal.
You kill the jackal!
Casting: Ensorcelled Hibernation (safe; 7% risk of failure)
Confirm with . or Enter, or press ? or * to list all spells.
You can't see any susceptible monsters within range! (Use Z to cast anyway.)
Casting: Ensorcelled Hibernation (safe; 7% risk of failure)
Confirm with . or Enter, or press ? or * to list all spells.
Your tentacles begin to glow red.
The ice beast barely misses you. The ice beast hits you.
The ice beast freezes you!
The orc shouts!
You hit the ice beast but do no damage.
You hear a shout!
The ice beast hits you. The ice beast freezes you.
An orc comes into view. It is wielding a +0 whip.
You hit the ice beast but do no damage. You squeeze the ice beast.
The ice beast is lightly wounded.
The ice beast hits you.
* * * LOW HITPOINT WARNING * * *
The ice beast freezes you!
You die...

.# .# .######
......#########
......##......#
.....o##......#
.)............#
.######..o...o#######
.# #...o..hoY@...# o#
#.......#####.# o
............. .
###.###.###### o ...#
#.# . ....# #.# ###
#.# #.#


You could see an ice beast, 4 orcs and a jackal.

Vanquished Creatures
  Sigmund (D:2)
  5 yaks
  An ogre (D:5)
  A hound (D:4)
  A jelly (D:5)
  An orc wizard (D:5)
  7 gnolls
  6 adders
  An ufetubus (D:5)
  A worm (D:4)
  3 dart slugs
  7 orcs
  4 endoplasms
  2 giant cockroaches
  7 hobgoblins
  6 jackals
  4 quokkas
  10 ball pythons
  6 bats
  4 frilled lizards
  7 goblins
  9 kobolds
  8 rats
102 creatures vanquished.

Vanquished Creatures (others)
  2 plants (D:2)
2 creatures vanquished.

Grand Total: 104 creatures vanquished

Notes
Turn   | Place    | Note
-------+----------+-------------------------------------------
     0 | D:1      | 112233 the Octopode Enchanter began the quest for the Orb.
     0 | D:1      | Reached XP level 1. HP: 11/11 MP: 3/3
   506 | D:1      | Reached XP level 2. HP: 11/17 MP: 5/5
  1283 | D:1      | Found a faded altar of an unknown god.
  1411 | D:2      | Noticed Sigmund
  1423 | D:2      | Killed Sigmund
  1424 | D:2      | Reached skill level 5 in Stealth
  1424 | D:2      | Reached XP level 3. HP: 21/21 MP: 7/7
  1424 | D:2      | Reached XP level 4. HP: 27/27 MP: 8/8
  1424 | D:2      | Reached XP level 5. HP: 31/31 MP: 9/9
  1492 | D:2      | Learned a level 2 spell: Ensorcelled Hibernation
  1496 | D:2      | Learned a level 3 spell: Confusing Touch
  1500 | D:2      | Learned a level 3 spell: Tukima's Dance
  1620 | D:2      | Found Cienawock's Antique Weapon Shop.
  1646 | D:2      | Found Uhall's Antique Armour Boutique.
  1774 | D:2      | Found Seddeov's Jewellery Emporium.
  2185 | D:2      | Found Mukh's Antique Weapon Shoppe.
  2298 | D:2      | Found Jiqyt's Book Boutique.
  2672 | D:3      | Reached XP level 6. HP: 29/36 MP: 10/10
  4206 | D:4      | Found a transporter.
  4658 | D:4      | Found a transporter.
  4778 | D:5      | Entered Level 5 of the Dungeon
  4950 | D:5      | Noticed a yak
  4954 | D:5      | Noticed a yak
  4954 | D:5      | Noticed a yak
  4957 | D:5      | Noticed a yak
  4978 | D:4      | Killed a yak
  4979 | D:4      | Reached skill level 6 in Stealth
  4979 | D:4      | Reached XP level 7. HP: 26/41 MP: 6/12
  5107 | D:4      | Killed a yak
  5320 | D:4      | Killed a yak
  5321 | D:4      | Reached XP level 8. HP: 38/46 MP: 10/14
  5376 | D:5      | Noticed a yak
  5383 | D:5      | Killed a yak
  5384 | D:5      | Reached skill level 7 in Stealth
  5384 | D:5      | Reached skill level 5 in Hexes
  5396 | D:5      | Killed a yak
  5601 | D:5      | Identified the +7 hammer "Kazim" {drain, *Corrode rN+
                  | Str+4}
  5606 | D:5      | Found a runed translucent door.
  5607 | D:5      | Noticed Crazy Yiuf
  5944 | D:5      | Slain by an ice beast

Illustrated notes

Levels and vault maps discovered:
D:1:      reono_arrival_mine, layout_loops_ring,
          ebering_ecumenical_altar_petrified
D:2:      layout_loops_corners, serial_shops, shop, nicolae_shop_stone,
          nicolae_shop_temple_entry_statues_fountains, nicolae_square_shop,
          nicolae_shop_overgrown_old_shop, minmay_quadrilaterals, uniq_sigmund
D:3:      layout_rooms
D:4:      gammafunk_steamed_eel, layout_rooms, fountainhead
D:5:      layout_basic, grunt_decor_fettered, nrook_uturn,
          hangedman_decor_opposing, uniq_crazy_yiuf_cottage

Skill      XL: |  1  2  3  4  5  6  7  8 |
---------------+-------------------------+-----
Short Blades   | 2 3 4 |  4.5
Dodging        | 3 4 |  4.8
Stealth        | 5 6 7 |  7.6
Spellcasting   | 3 4 |  4.5
Hexes          | 4 5 |  5.3

Action                   |  1- 3 |  4- 6 |  7- 9 || total
-------------------------+-------+-------+-------++-------
Melee: Dagger            |    52 |   121 |    37 ||   210
       Constrict         |    15 |    28 |     2 ||    45
       Tentacles         |    10 |    20 |     9 ||    39
 Cast: Ensorcelled Hiber |       |    32 |    15 ||    47
       Confusing Touch   |       |     1 |     3 ||     4
  Use: Potion            |     2 |     4 |       ||     6
 Stab: Sleeping          |     7 |    32 |     8 ||    47
       Confused          |       |     1 |     1 ||     2
       Invisible         |       |     1 |       ||     1
Armor: Skin              |     6 |    10 |     1 ||    17
Dodge: Dodged            |    28 |    78 |    35 ||   141
